 Dungeon Crawl Stone Soup version 0.30-a0-715-gdb4ae3ece1 (webtiles) character file.

Game seed: 16126684121068430351

29218 Fenrisus the Protected (level 13, 0/123 HPs)
             Began as a Minotaur Fighter on Jan 24, 2023.
             Was an Initiate of Gozag.
             Slain by a 13-headed hydra (4 damage)
             ... on level 5 of the Lair of Beasts.
             The game lasted 01:17:45 (15648 turns).

Fenrisus the Protected (Minotaur Fighter)          Turns: 15648, Time: 01:17:46

Health: 0/123      AC: 22    Str: 30    XL:     13   Next: 14%
Magic:  13/13      EV:  6    Int:  5    God:    Gozag
Gold:   1316       SH:  0    Dex: 21    Spells: 12/12 levels left

rFire   + . .      SeeInvis +    s - +7 war axe (elec)
rCold   + . .      Faith    .    H - +2 tower shield
rNeg    + . .      Spirit   .    N - +3 plate armour {rC+}
rPois   .          Reflect  .    e - +0 mask of the Dragon {Will+ Slay+3 SInv}
rElec   .          Harm     .    g - scarf {rC+ rF+}
rCorr   .          Rampage  .    J - +2 pair of gloves {Dex+3}
Will    +....      Clarity  +    (no boots) Stlth
                                 (no amulet)
HPRegen 0.40/turn                h - ring of Kindness {rC- rN+ Str+6 Stlth+}
MPRegen 0.13/turn                x - +6 ring of dexterity

@: confused, mighty, ambrosia-drunk, gold aura
A: horns 2, retaliatory headbutt, clarity, high MP 1
a: Renounce Religion, Potion Petition, Call Merchant, Bribe Branch


You were on level 5 of the Lair of Beasts.
You worshipped Gozag.
Gozag was most pleased with you.
You visited 4 branches of the dungeon, and saw 18 of its levels.
You also visited: Bailey.

You collected 4272 gold pieces.
You spent 1021 gold pieces at shops.
You paid 1935 gold pieces to Gozag.

Inventory:

Hand Weapons
 s - a +7 war axe of electrocution (weapon)
 C - a +3 vampiric trident
Missiles
 n - 2 throwing nets (quivered)
Armour
 a - a scarf of shadows
 e - the +0 mask of the Dragon (worn) {Will+ Slay+3 SInv}
   (You acquired it on level 2 of the Dungeon)

   Slay:      It affects your accuracy & damage with ranged weapons and melee
   (+3).
   SInv:      It lets you see invisible.
   Will:      It increases your willpower.
 g - a scarf of resistance (worn)
 r - a scarf of repulsion
 H - a +2 tower shield (worn)
 J - a +2 pair of gloves of dexterity (worn)
 N - a +3 plate armour of cold resistance (worn)
Jewellery
 h - the ring of Kindness (left hand) {rC- rN+ Str+6 Stlth+}
   (You found it on level 10 of the Dungeon)

   [ring of strength]

   Str:       It affects your strength (+6).
   rC:        It makes you vulnerable to cold.
   rN:        It protects you from negative energy.
   Stlth:     It makes you more stealthy.
 p - a ring of fire
 q - the ring "Reudobb" {Ice Will- Int+3 Dex+3}
   (You found it on level 6 of the Dungeon)

   [ring of ice]

   It enhances your ice magic.
   Int:       It affects your intelligence (+3).
   Dex:       It affects your dexterity (+3).
   rF:        It makes you vulnerable to fire.
   rC:        It protects you from cold.
   Will:      It decreases your willpower.
 t - a ring of poison resistance
 x - a +6 ring of dexterity (right hand)
Wands
 b - a wand of polymorph (6)
 y - a wand of flame (17)
 D - a wand of mindburst (8)
Scrolls
 c - a scroll of identify
 d - 7 scrolls of teleportation
 f - 2 scrolls of amnesia
 m - a scroll of blinking
 w - a scroll of poison
 B - 3 scrolls of immolation
 K - a scroll of magic mapping
 M - a scroll of fog
Potions
 i - 2 potions of magic
 j - 2 potions of cancellation
 l - 5 potions of lignification
 o - 2 potions of flight
 z - 2 potions of haste
 A - 9 potions of ambrosia
 F - a potion of attraction
 G - a potion of invisibility
Miscellaneous
 k - a piece from Xom's chessboard (15/15)
 E - a lightning rod (4/4)
 L - a tin of tremorstones (inert)


   Skills:
 + Level 13.9 Fighting
 + Level 13.7 Axes
 + Level 13.9 Armour
 + Level 13.8 Shields


You had 12 spell levels left.
You didn't know any spells.
Your spell library contained the following spells:

 Spells                   Type           Power      Damage    Failure   Level
 Apportation              Tloc           0%         N/A       100%        1
 Freeze                   Ice            0%         1d3       100%        1
 Necrotise                Necr           0%         1d4       100%        1
 Summon Small Mammal      Summ           0%         N/A       100%        1
 Ensorcelled Hibernation  Hex/Ice        0%         N/A       100%        2
 Sublimation of Blood     Necr           0%         N/A       100%        2
 Wereblood                Tmut           0%         N/A       100%        2
 Frozen Ramparts          Ice            0%         1d1       100%        3
 Inner Flame              Hex/Fire       0%         N/A       100%        3
 Kindle Blastsparks       Fire/Tloc/Air  0%         2d10      100%        3
 Fulminant Prism          Conj/Hex       0%         3d5       100%        4
 Ice Form                 Ice/Tmut       0%         N/A       100%        4
 Iskenderun's Mystic Bla  Conj/Tloc      0%         2d3       100%        4
 Passage of Golubria      Tloc           0%         N/A       100%        4
 Summon Ice Beast         Ice/Summ       0%         N/A       100%        4
 Lee's Rapid Deconstruct  Erth           0%         3d4*      100%        5
 Silence                  Hex/Air        0%         N/A       100%        5
 Summon Hydra             Summ           0%         N/A       100%        7
 Lehudib's Crystal Spear  Conj/Erth      0%         10d2      100%        8
 Fire Storm               Conj/Fire      0%         5d1       100%        9


Dungeon Overview and Level Annotations

Branches:
Dungeon (11/15)            Temple (0/1) D:5            Lair (5/5) D:9
 Shoals (1/4) Lair:2       Spider (1/4) Lair:2          Orc (0/2) D:11
 Bailey (visited)
  Slime: Lair:4-5

Altars:
Ashenzari
Cheibriados
Dithmenos
Fedhas
Gozag
Kikubaaqudgha
Qazlal
Sif Muna
Uskayaw
Vehumet
Wu Jian
Yredelemnul
Zin
The Shining One

Shops:
D:2 =   D:4 (   D:5 *   Lair:1 *   Lair:2 =   Lair:3 [

Portals:
Trove: D:10 (give +4 demon trident)

Annotations:
Lair:4 1 transporter, exclusion: ice statue, Etreokin's ghost, journeyman KoEn; Josephine


Innate Abilities, Weirdness & Mutations

You have a pair of horns on your head.
You reflexively headbutt those who attack you in melee.
You possess an exceptional clarity of mind.
You have an increased reservoir of magic. (+10% MP)


Message History

The 12-headed hydra completely misses you.
The 12-headed hydra bites you.
* * * LOW HITPOINT WARNING * * *
The 12-headed hydra completely misses you.
The 12-headed hydra bites you but does no damage.
You chop one of the 12-headed hydra's heads off!
The 11-headed hydra grows two more!
You slash the 13-headed hydra!
Lightning courses through the 13-headed hydra!
The 13-headed hydra is severely wounded.
The 13-headed hydra bites you but does no damage.
You block the 13-headed hydra's attack. x3; The 13-headed hydra bites you.
* * * LOW HITPOINT WARNING * * *
The 13-headed hydra barely misses you.
The 13-headed hydra bites you but does no damage. x2
The 13-headed hydra bites you.
* * * LOW HITPOINT WARNING * * *
The 13-headed hydra bites you.
* * * LOW HITPOINT WARNING * * *
The 13-headed hydra bites you but does no damage.
You block the 13-headed hydra's attack. The 13-headed hydra closely misses you.
You are confused.
You feel invigorated.
The 13-headed hydra bites you but does no damage. x4
The 13-headed hydra bites you.
* * * LOW HITPOINT WARNING * * *
The 13-headed hydra barely misses you.
The 13-headed hydra bites you but does no damage.
The 13-headed hydra bites you!
* * * LOW HITPOINT WARNING * * *
The 13-headed hydra bites you but does no damage. x5
You are more confused.
You feel more invigorated. The 13-headed hydra barely misses you.
The 13-headed hydra closely misses you. The 13-headed hydra bites you!
* * * LOW HITPOINT WARNING * * *
The 13-headed hydra bites you but does no damage.
The 13-headed hydra closely misses you.
The 13-headed hydra bites you but does no damage.
The 13-headed hydra bites you.
You die...
Your body crumbles into a pile of gold.

#.... #...##
#... #..D$##
#... #.$..#
#.?## ##...##
....#
#.....####...#
$
#...<...#....#
#............#
##..#...##D@#
##.......$.#
....P####.#
...P.## .#.
....#.. . .
#PP..#.. .. ##
.. ###


You could see a 13-headed hydra.

Vanquished Creatures
  A vault guard (Bailey)
  A hydra (Lair:3)
  A two-headed ogre (D:10)
  A catoblepas (Lair:4)
  A pharaoh ant (Lair:2)
  A sea snake (Shoals:1)
  3 black mambas
  A merfolk siren (Lair:2)
  4 elephants (Lair:4)
  A demonic crawler (Spider:1)
  2 torpor snails
  9 cane toads
  An unseen horror (D:10)
  Maggie (D:9)
  A komodo dragon (Lair:1)
  2 kobold demonologists
  A queen bee (D:9)
  Prince Ribbit (Bailey)
  2 tarantellas (Lair:2)
  5 blink frogs (Lair:1)
  A snapping turtle (Shoals:1)
  2 shadows
  A wyvern (D:7)
  45 yaks
  2 wraiths (Lair:4)
  3 basilisks
  5 humans (Bailey)
  5 redbacks
  7 water moccasins
  A black bear (Lair:2)
  6 orc warriors
  An ice beast (D:7)
  3 ogres (D:6)
  2 centaurs
  10 wolves (Lair:1)
  14 bullfrogs
  A gnoll sergeant (D:9)
  2 necrophages
  A scorpion (D:3)
  8 wights
  29 killer bees
  2 electric eels (D:10)
  3 howler monkeys
  A jelly (D:7)
  4 hounds
  5 orc priests
  4 iguanas
  7 orc wizards
  6 hell rats (Lair:2)
  9 adders
  7 gnolls
  2 white imps
  An ufetubus (D:4)
  2 worms
  4 dart slugs (D:4)
  26 orcs
  4 ball pythons
  5 bats
  8 endoplasms
  2 giant cockroaches
  7 hobgoblins
  3 jackals (D:1)
  8 kobolds
  6 quokkas
  2 frilled lizards
  9 goblins
  6 rats
  2 butterflies
334 creatures vanquished.

Vanquished Creatures (collateral kills)
  A gargoyle (D:8)
  4 wolves (Lair:1)
  3 wights (D:8)
  An orc wizard (D:8)
  3 orcs (D:8)
  A ball python (D:2)
  A bat (D:2)
  3 kobolds (D:8)
17 creatures vanquished.

Vanquished Creatures (others)
  A wolf (Lair:1)
  5 fungi
  45 plants
  3 withered plants (D:8)
54 creatures vanquished.

Grand Total: 405 creatures vanquished

Notes
Turn   | Place    | Note
-------+----------+-------------------------------------------
     0 | D:1      | Fenrisus the Minotaur Fighter began the quest for the Orb.
     0 | D:1      | Reached XP level 1. HP: 19/19 MP: 0/0
     3 | D:1      | You fall into a shaft and drop 1 floor!
    29 | D:2      | Found Ifoit's Jewellery Shoppe.
   197 | D:1      | Reached XP level 2. HP: 27/27 MP: 1/1
   274 | D:1      | Found a faded altar of an unknown god.
   893 | D:2      | Reached XP level 3. HP: 33/33 MP: 2/2
   917 | D:2      | Identified a scroll of acquirement
   917 | D:2      | Acquired the +0 mask of the Dragon {Will+ Slay+3 SInv}
   917 | D:2      | Found the +0 mask of the Dragon {Will+ Slay+3 SInv}
  1505 | D:3      | Reached XP level 4. HP: 40/40 MP: 3/3
  1640 | D:4      | Noticed a scorpion
  1714 | D:3      | Reached XP level 5. HP: 34/47 MP: 4/4
  2298 | D:3      | Reached skill level 5 in Fighting
  2298 | D:3      | Reached skill level 5 in Armour
  2298 | D:3      | Reached skill level 5 in Shields
  2381 | D:4      | Found Ikakoakk's Weapon Shop.
  2486 | D:4      | Reached XP level 6. HP: 56/56 MP: 5/5
  2501 | D:4      | Noticed an orc warrior
  3067 | D:4      | Killed an orc warrior
  3068 | D:4      | Reached skill level 5 in Axes
  3068 | D:4      | Reached XP level 7. HP: 57/62 MP: 6/6
  3199 | D:4      | Found an opulent altar of Gozag.
  3199 | D:4      | Found a glowing silver altar of Zin.
  3215 | D:4      | Became a worshipper of Gozag Ym Sagoz the Greedy
  3553 | D:5      | Entered Level 5 of the Dungeon
  3754 | D:5      | Found a staircase to the Ecumenical Temple.
  3932 | D:5      | Found Tustrecam's General Store.
  3937 | D:5      | Bought a scroll of identify for 30 gold pieces
  4330 | D:5      | Found a snail-covered altar of Cheibriados.
  4332 | D:5      | Found a shimmering blue altar of Sif Muna.
  4335 | D:5      | Found a basalt altar of Yredelemnul.
  4336 | D:5      | Found an ornate altar of the Wu Jian Council.
  4336 | D:5      | Found a stormy altar of Qazlal.
  4340 | D:5      | Found a radiant altar of Vehumet.
  4341 | D:5      | Found a glowing golden altar of the Shining One.
  4541 | D:6      | Reached XP level 8. HP: 71/71 MP: 7/7
  4750 | D:6      | Identified the ring "Reudobb" {Ice Will- Int+3 Dex+3}
  4961 | D:6      | Gained mutation: Your spells are a little harder to cast,
                  | but a little more powerful. [potion of mutation]
  4961 | D:6      | Gained mutation: You are clumsy. (Dex -2) [potion of
                  | mutation]
  4961 | D:6      | Lost mutation: You are clumsy. (Dex -2) [potion of
                  | mutation]
  4964 | D:6      | Lost mutation: Your spells are a little harder to cast, but
                  | a little more powerful. [potion of mutation]
  4964 | D:6      | Gained mutation: You are vulnerable to heat. (rF-) [potion
                  | of mutation]
  4964 | D:6      | Gained mutation: Your flesh is cold resistant. (rC+)
                  | [potion of mutation]
  4964 | D:6      | Gained mutation: You possess an exceptional clarity of
                  | mind. [potion of mutation]
  4965 | D:6      | Lost mutation: You are vulnerable to heat. (rF-) [potion of
                  | mutation]
  4965 | D:6      | Lost mutation: Your flesh is cold resistant. (rC+) [potion
                  | of mutation]
  4965 | D:6      | Gained mutation: You have an increased reservoir of magic.
                  | (+10% MP) [potion of mutation]
  5415 | D:7      | Found a large runed translucent door.
  5416 | D:7      | Found a large runed translucent door.
  5620 | D:7      | Found a blossoming altar of Fedhas.
  5804 | D:7      | Found a shadowy altar of Dithmenos.
  5813 | D:7      | Reached XP level 9. HP: 70/81 MP: 8/8
  5846 | D:7      | Found a hide-covered altar of Uskayaw.
  5893 | D:8      | Found a broken altar of Ashenzari.
  6195 | D:8      | Found an ancient bone altar of Kikubaaqudgha.
  6402 | D:8      | Found a flagged portal.
  6436 | D:8      | Noticed a gargoyle
  6442 | Bailey   | Entered a bailey
  6630 | Bailey   | Noticed Prince Ribbit
  6635 | Bailey   | Noticed a vault guard
  6641 | Bailey   | Killed Prince Ribbit
  6643 | Bailey   | Reached XP level 10. HP: 78/91 MP: 10/10
  6664 | Bailey   | Killed a vault guard
  6963 | Bailey   | Noticed a vault guard
  6982 | D:8      | Killed a gargoyle
  6983 | D:8      | Reached skill level 10 in Armour
  6993 | D:8      | Reached skill level 10 in Fighting
  6993 | D:8      | Reached skill level 10 in Shields
  7919 | D:9      | Reached skill level 10 in Axes
  8316 | D:9      | Noticed Maggie
  8389 | D:9      | Killed Maggie
  8615 | D:9      | Reached XP level 11. HP: 101/101 MP: 11/11
  8772 | D:9      | Found a staircase to the Lair.
  9432 | D:10     | Entered Level 10 of the Dungeon
  9615 | D:10     | Found a portal to a secret trove of treasure.
 10015 | D:10     | Identified the ring of Kindness {rC- rN+ Str+6 Stlth+}
 10045 | D:10     | Noticed a two-headed ogre
 10061 | D:10     | Killed a two-headed ogre
 10314 | Lair:1   | Entered Level 1 of the Lair of Beasts
 10813 | D:9      | Reached XP level 12. HP: 101/112 MP: 12/12
 10909 | Lair:1   | Acquired 1322 gold pieces
 11280 | Lair:1   | Bought a scroll of teleportation for 36 gold pieces
 11280 | Lair:1   | Bought a scroll of identify for 24 gold pieces
 12299 | Lair:2   | Found a hole to the Spider Nest.
 12480 | Lair:2   | Found a staircase to the Shoals.
 12549 | Lair:3   | Noticed a seven-headed hydra
 12905 | Lair:3   | You fall into a shaft and drop 2 floors!
 12905 | Lair:5   | Entered Level 5 of the Lair of Beasts
 12918 | Lair:5   | Noticed an eight-headed hydra
 13073 | Lair:4   | Found a transporter.
 13079 | Lair:4   | Noticed a four-headed hydra
 13080 | Lair:4   | Noticed a seven-headed hydra
 13081 | Lair:4   | Noticed a five-headed hydra
 13107 | Lair:4   | Noticed Josephine
 13154 | Lair:3   | Killed a ten-headed hydra
 13389 | Lair:3   | Bought a +2 pair of gloves of dexterity for 301 gold pieces
 13389 | Lair:3   | Bought a +3 plate armour of cold resistance for 630 gold
                  | pieces
 13936 | Shoals:1 | Entered Level 1 of the Shoals
 14173 | Spider:1 | Entered Level 1 of the Spider Nest
 14279 | Spider:1 | Noticed an entropy weaver
 14469 | Lair:4   | Noticed Etreokin's ghost (journeyman KoEn)
 14597 | Lair:4   | Noticed a catoblepas
 14610 | Lair:4   | Killed a catoblepas
 14616 | Lair:4   | Reached XP level 13. HP: 107/123 MP: 13/13
 15575 | Lair:4   | Got the Meditations on Chilblains and the Tropics
 15648 | Lair:5   | HP: 4/123 [13-headed hydra (12)]
 15648 | Lair:5   | Slain by a 13-headed hydra

Illustrated notes

Levels and vault maps discovered:
D:1:      dpeg_arrival_simpleton_c, layout_basic,
          hellmonk_ecumenical_altar_arch_garden, serial_bayou_lagoon_b
D:2:      layout_loops_ring, serial_shops, nicolae_shop_trees,
          minmay_misc_feat_alley, minmay_misc_feat_plants
D:3:      layout_rooms, serial_corexii_hall, chequers_hall_statues_y,
          corexii_hall_statues_t, chequers_hall_statues_corner_a,
          chequers_hall_statues_wall_a
D:4:      layout_loops_ring, grunt_temple_overflow_gold_and_silver,
          hangedman_feature_mirror, minmay_shop_grid_forest
D:5:      layout_basic, minitemple, minmay_temple_entry_antechambers,
          serial_shops, kennysheep_mini
D:6:      layout_basic
D:7:      layout_rooms, jmf_multi_god_temple2, fedhas_ov_isle_minmay,
          nrook_pool_corridor, minmay_misc_feat_secret_circle
D:8:      layout_loops_ring, ashenzari_conservatory_becter,
          kiku_gazebo_garden_becter, enter_bailey_5
D:9:      layout_layer_cave, lair_entry_dummy, special_room [special_room_bee],
          minmay_quadrilaterals, uniq_maggie
D:10:     layout_basic, enter_trove_2
D:11:     layout_loops_ring, minmay_orc_entry_guard_dogs, wad_scary_box
Lair:1:   layout_hall_layers, minivault_27
Lair:2:   layout_cave_pods, minmay_shoals_entry_lonely_mermaid,
          nicolae_spider_entry_lesser_pyramids, grunt_megastairs_3,
          lemuel_fruit_fields, serial_bayou_shore_a
Lair:3:   layout_cave_pods, infiniplex_staircase_pool_2
Lair:4:   layout_gridlike, nzn_ghost_randoct, lemuel_fruit_fields,
          lemuel_fruit_tree, uniq_josephine
Lair:5:   minmay_lair_end_frog_pond, layout_loops_ring, dpeg_slime_entry_corner,
          gammafunk_ghost_hive, minivault_24
Shoals:1: cheibrodos_shoals_epimethial_gifts, layout_shoals, serial_shops, shop,
          nicolae_shop_window_shopping, nicolae_shoals_enchanted_isle
Spider:1: layout_cave_pods, drop_trap, nicolae_spider_swamp_cousins

Skill      XL: |  1  2  3  4  5  6  7  8  9 10 11 12 |
---------------+-------------------------------------+-----
Armour         | 4 5 6 8 9 10 12 13 | 13.9
Fighting       | 4 5 6 7 9 10 12 13 | 13.9
Shields        | 4 5 6 8 9 10 12 13 | 13.8
Axes           | 3 4 5 6 7 9 10 12 13 | 13.7

Action                     |  1- 3 |  4- 6 |  7- 9 | 10-12 | 13-15 || total
---------------------------+-------+-------+-------+-------+-------++-------
  Melee: War axe           |    74 |   103 |   168 |   389 |    33 ||   767
         Headbutt          |     7 |    18 |    28 |    93 |     9 ||   155
 Invoke: Call Merchant     |       |       |       |     3 |       ||     3
  Evoke: Wand              |       |       |     3 |     8 |       ||    11
         Lightning rod     |       |       |       |     3 |       ||     3
         Piece from Xom's  |       |       |       |     2 |       ||     2
         Tin of tremorston |       |       |       |     2 |       ||     2
    Use: Scroll            |     5 |     3 |     9 |    20 |       ||    37
         Potion            |       |     7 |     4 |     7 |     3 ||    21
   Stab: Distracted        |       |       |     1 |     4 |       ||     5
 Armour: Scale mail        |    44 |    44 |     1 |       |       ||    89
         Plate armour      |       |       |    89 |   167 |    37 ||   293
  Dodge: Dodged            |    39 |    45 |    35 |    96 |    13 ||   228
  Block: Buckler           |    17 |    39 |    55 |   107 |       ||   218
         Tower shield      |       |       |       |   161 |    47 ||   208

Table legend: (Time is in decaauts)
 A = Elapsed time spent in this place.
 B = Non-inter-level travel time spent in this place.
 C = Inter-level travel time spent in this place.
 D = Time resting spent in this place.
 E = Time spent auto-exploring this place.
 F = Levels seen in this place.
 G = Mean time per level.
                   A        B        C        D        E       F      G
               +--------+--------+--------+--------+--------+-----+--------+
         Total |  15832 |   8542 |   7290 |   3474 |   2160 |  19 |  833.3 |
       Dungeon |  10005 |   5464 |   4541 |   1557 |   2160 |  11 |  909.5 |
          Lair |   5168 |   2447 |   2721 |   1630 |      0 |   5 | 1033.6 |
        Shoals |     30 |     27 |      3 |      0 |      0 |   1 |   30.0 |
   Spider Nest |     78 |     53 |     25 |      0 |      0 |   1 |   78.0 |
        Bailey |    549 |    549 |      0 |    287 |      0 |   1 |  549.0 |
               +--------+--------+--------+--------+--------+-----+--------+

Top non-repeatable levels by time:
     D:9: 1838 daAuts
  Lair:2: 1755 daAuts
  Lair:3: 1518 daAuts
     D:8: 1293 daAuts
     D:4: 1181 daAuts
  Lair:4: 962 daAuts
     D:7: 925 daAuts
     D:3: 916 daAuts
  Lair:1: 899 daAuts
    D:10: 871 daAuts
     D:1: 822 daAuts
     D:5: 819 daAuts
     D:2: 718 daAuts
     D:6: 615 daAuts
  Bailey: 549 daAuts
